 Dungeon Crawl Stone Soup version 0.30.1-4-g462c640d31 (webtiles) character file.

Game seed: 5730534476523097834

10886 Peloso the Carver (level 11, -15/68 HPs)
             Began as a Gargoyle Fighter on Aug 22, 2023.
             Was a Believer of Okawaru.
             Demolished by a boulder beetle (17 damage)
             ... on level 10 of the Dungeon.
             The game lasted 00:23:35 (11359 turns).

Peloso the Carver (Gargoyle Fighter)               Turns: 11359, Time: 00:23:36

Health: -15/68     AC: 32    Str: 23    XL:     11   Next: 69%
Magic:  0/20       EV:  9    Int:  8    God:    Okawaru [**....]
Gold:   733        SH: 13    Dex: 13    Spells: 10/10 levels left

rFire   + . .        a - +0 long sword (protect)
rCold   + . .        d - +0 kite shield
rNeg    + . .        K - +0 plate armour of Bogoam {Will++ MP+9 Str+2 Stlth-}
rPois   ∞            (no helmet)
rElec   +            J - scarf {rC+ rF+}
rCorr   .            o - +0 pair of gloves
SInv    .            (no boots)
Will    ++...        u - amulet of guardian spirit Stlth
                     (no ring)
HPRegen 0.31/turn    (no ring)
MPRegen 0.17/turn

%: guardian spirit
@: heroic, under a protective aura
A: sickness immunity, AC +8, negative energy resistance 1, electricity
resistance, torment resistance 1, petrification resistance
a: Renounce Religion, Heroism


You were on level 10 of the Dungeon.
You worshipped Okawaru.
Okawaru was pleased with you.
You visited 1 branch of the dungeon, and saw 11 of its levels.

You collected 733 gold pieces.

Inventory:

Hand Weapons
 a - a +0 long sword of protection (weapon)
Armour
 b - a +0 scale mail
 c - a +0 buckler
 d - a +0 kite shield (worn)
 i - a +1 cloak
 o - a +0 pair of gloves (worn)
 J - a scarf of resistance (worn)
 K - the +0 plate armour of Bogoam (worn) {Will++ MP+9 Str+2 Stlth-}
   (You took it off a gnoll on level 7 of the Dungeon)

   Str:       It affects your strength (+2).
   MP:        It affects your magic capacity (+9).
   Will:      It greatly increases your willpower.
   Stlth:     It makes you less stealthy.
Jewellery
 q - a ring of fire
 u - an amulet of guardian spirit (around neck)
 F - a ring of see invisible
Wands
 n - a wand of polymorph (15)
 z - a wand of flame (36)
 H - a wand of iceblast (7)
Scrolls
 e - 2 scrolls of amnesia
 h - 7 scrolls of identify
 l - a scroll of magic mapping
 m - 4 scrolls of brand weapon
 p - 2 scrolls of fog
 s - a scroll of blinking {unknown}
 v - a scroll of vulnerability
 x - a scroll of acquirement
 y - 2 scrolls of fear
 A - a scroll of poison
 B - 2 scrolls of noise
 D - 2 scrolls of summoning
 L - 2 scrolls of teleportation
 N - 2 scrolls of torment {unknown}
Potions
 g - 3 potions of mutation
 j - 2 potions of might
 k - 3 potions of curing {unknown}
 r - 2 potions of lignification {unknown}
 t - 5 potions of attraction {unknown}
 w - a potion of ambrosia
 C - 2 potions of brilliance {unknown}
 E - 2 potions of degeneration {unknown}
 G - 3 potions of resistance {unknown}
 I - 2 potions of cancellation {unknown}
Miscellaneous
 M - a phial of floods


   Skills:
 + Level 8.0(13.0) Fighting
 + Level 11.2(16.2) Long Blades
 + Level 8.4(13.4) Armour
 + Level 2.7(7.7) Dodging
 + Level 0.5(5.5) Stealth
 + Level 10.5(15.5) Shields


You had 10 spell levels left.
You didn't know any spells.
Your spell library contained the following spells:

 Spells                   Type           Power      Damage    Failure   Level
 Kiss of Death            Conj/Necr      0%         2d5       99%         1
 Confusing Touch          Hex            0%         N/A       100%        3
 Dispel Undead            Necr           0%         3d6       100%        4
 Leda's Liquefaction      Hex/Erth       0%         N/A       100%        4
 Manifold Assault         Tloc           0%         N/A       100%        4
 Passage of Golubria      Tloc           0%         N/A       100%        4
 Lee's Rapid Deconstruct  Erth           0%         3d4*      100%        5
 Conjure Ball Lightning   Conj/Air       0%         3x3d6     100%        6
 Fire Storm               Conj/Fire      0%         5d1       100%        9
 Summon Mana Viper        Hex/Summ       Unusable   N/A       N/A         5
 Statue Form              Tmut/Erth      Unusable   N/A       N/A         6

Dungeon Overview and Level Annotations

Branches:
Dungeon (11/15)            Temple (0/1) D:7
   Lair: D:8-11         Orc: D:9-12

Altars:
Dithmenos
Hepliaklqana
Okawaru
Qazlal
Vehumet
The Shining One

Annotations:
D:3 1 runed translucent door, Crazy Yiuf
D:8 2 transporters, Plommelars's ghost, novice DrEE
D:10 Lodul


Innate Abilities, Weirdness & Mutations

You are immune to sickness and miasma.
Your stone body is resilient. (AC +8)
You are immune to poison.
You resist negative energy. (rN+)
You are resistant to electric shocks. (rElec)
You are resistant to unholy torment.
You are immune to petrification.


Message History

The boulder beetle hits you!!
* * * LOW HITPOINT WARNING * * *
The boulder beetle stops rolling and uncurls.
The gargoyle hits you but does no damage.
The boulder beetle barely misses you. The gargoyle barely misses you.
A troll comes into view.
A yak comes into view. 2 centaurs come into view.
The yak bellows!
The centaur shouts! x2; You hear a bellow!
The boulder beetle bites you but does no damage.
The gargoyle hurls a stone arrow at you.
The stone arrow hits you but does no damage.
The centaur wields a +0 shortbow.
The centaur shoots an arrow.
The arrow completely misses you.
The centaur wields a +0 shortbow.
The centaur shoots an arrow.
The arrow hits you.
* * * LOW HITPOINT WARNING * * *
There is a stone staircase leading up here.
The centaur shoots an arrow.
The arrow hits you.
* * * LOW HITPOINT WARNING * * *
The centaur shoots an arrow.
The arrow hits you but does no damage. The boulder beetle barely misses you.
The gargoyle hurls a stone arrow at you.
You block the stone arrow.
The centaur shoots an arrow.
The arrow hits you but does no damage.
You climb upwards.
Level annotation: Lodul
There is a stone staircase leading down here.
You gain the combat prowess of a mighty hero.
The boulder beetle bites you but does no damage.
You hit the boulder beetle but do no damage.
Your weapon exudes an aura of protection.
The boulder beetle is moderately wounded.
The boulder beetle bites you but does no damage.
You slash the boulder beetle!
The boulder beetle is heavily wounded.
The boulder beetle bites you!
* * * LOW HITPOINT WARNING * * *
You hit the boulder beetle but do no damage.
The boulder beetle is heavily wounded.
The boulder beetle bites you!
You die...

#.......######.# #.......# #.#
#.......# #.# #.......# #.#
#.<.....# #.# #..))...# #.#
####)#### #.# ####### #.#
#.###### #...... #)#
#B@..^.######.####. #.#
######.........<... #####.#
########.#..## ......# #.#..#
###########################.#..#
...............................#
###...........................[##
#.#########..###########..##...
###.# #..# #.####.#


You could see a boulder beetle.

Vanquished Creatures
  A two-headed ogre (D:9)
  Pikel (D:3)
  2 cyclopes (D:7)
  3 gargoyles
  A kobold demonologist (D:9)
  An unseen horror (D:7)
  3 trolls
  A hornet (D:8)
  5 wyverns
  A wraith (D:9)
  6 yaks (D:8)
  4 steam dragons
  5 water moccasins
  An acid dragon (D:10)
  2 ice beasts (D:7)
  2 orc warriors
  A black bear (D:5)
  A sky beast (D:7)
  7 ogres
  A phantom (D:7)
  2 centaurs
  2 bullfrogs (D:7)
  5 kobold brigands
  A gnoll sergeant (D:8)
  3 scorpions
  2 wights
  10 killer bees
  5 howler monkeys (D:8)
  6 hounds
  A jelly (D:6)
  2 gnoll boudas
  4 orc priests
  3 iguanas
  A sleepcap (D:8)
  11 orc wizards
  18 gnolls
  7 adders
  2 shadow imps
  2 white imps (D:7)
  5 ufetubi
  3 worms
  2 dart slugs (D:1)
  36 orcs
  8 ball pythons
  7 endoplasms
  2 giant cockroaches
  3 goblins
  9 hobgoblins
  3 jackals (D:1)
  6 quokkas
  7 bats
  23 kobolds
  8 rats
258 creatures vanquished.

Vanquished Creatures (others)
  An orc wizard (D:6)
1 creature vanquished.

Grand Total: 259 creatures vanquished

Notes
Turn   | Place    | Note
-------+----------+-------------------------------------------
     0 | D:1      | Peloso the Gargoyle Fighter began the quest for the Orb.
     0 | D:1      | Reached XP level 1. HP: 14/14 MP: 1/1
    84 | D:1      | Reached XP level 2. HP: 16/19 MP: 2/2
   178 | D:1      | Reached skill level 2 in Long Blades
   530 | D:1      | Reached XP level 3. HP: 24/24 MP: 3/3
   790 | D:2      | Found a faded altar of an unknown god.
  1105 | D:2      | Found a hazy altar of Hepliaklqana.
  1150 | D:2      | Reached XP level 4. HP: 28/29 MP: 4/4
  1692 | D:2      | Reached skill level 3 in Long Blades
  2204 | D:3      | Reached XP level 5. HP: 29/33 MP: 5/5
  2283 | D:3      | Found a runed translucent door.
  2284 | D:3      | Noticed Crazy Yiuf
  2946 | D:3      | Reached skill level 4 in Long Blades
  2976 | D:3      | Reached XP level 6. HP: 38/38 MP: 6/6
  3196 | D:4      | Noticed Pikel
  3273 | D:3      | Killed Pikel
  3274 | D:3      | Reached skill level 5 in Long Blades
  3274 | D:3      | Reached skill level 1 in Dodging
  3274 | D:3      | Reached XP level 7. HP: 10/44 MP: 2/7
  3606 | D:4      | Noticed a steam dragon
  3620 | D:4      | Killed a steam dragon
  3621 | D:4      | Reached skill level 5 in Armour
  3621 | D:4      | Reached XP level 8. HP: 35/48 MP: 5/8
  3806 | D:5      | Entered Level 5 of the Dungeon
  3836 | D:5      | Reached skill level 6 in Long Blades
  3836 | D:5      | Reached skill level 5 in Shields
  3922 | D:5      | Reached skill level 5 in Fighting
  4661 | D:6      | Reached skill level 7 in Long Blades
  4891 | D:6      | Reached XP level 9. HP: 38/54 MP: 4/9
  5740 | D:7      | Reached skill level 8 in Long Blades
  5782 | D:7      | Noticed a cyclops
  5798 | D:7      | Killed a cyclops
  5917 | D:7      | Noticed a cyclops
  5917 | D:7      | Noticed a troll
  5918 | D:7      | Noticed a troll
  5920 | D:7      | Noticed a gargoyle
  5941 | D:7      | Identified a scroll of acquirement
  5943 | D:7      | Killed a troll
  5943 | D:7      | Killed an unseen horror
  5944 | D:7      | Reached XP level 10. HP: 5/61 MP: 1/10
  5949 | D:7      | Killed a cyclops
  5950 | D:7      | Reached skill level 9 in Long Blades
  6132 | D:7      | Found a shadowy altar of Dithmenos.
  6218 | D:7      | Identified the +0 plate armour of Bogoam {Will++ MP+9 Str+2
                  | Stlth-}
  6956 | D:7      | Found an iron altar of Okawaru.
  6966 | D:7      | Became a worshipper of Warmaster Okawaru
  7036 | D:7      | Found a glowing golden altar of the Shining One.
  7136 | D:7      | Found a staircase to the Ecumenical Temple.
  7290 | D:7      | Killed a gargoyle
  7294 | D:7      | Noticed a gargoyle
  7476 | D:7      | Killed a gargoyle
  7543 | D:7      | Identified the +0 leather armour of Past Mistakes {Dex+3}
  7553 | D:7      | Identified the +1 troll leather armour "Silag" {Rampage
                  | Regen+}
  7582 | D:7      | Got Pebu's Catalogue of Generative Blows
  7585 | D:7      | Identified the +4 war axe of the Slimy God {freeze, rN+}
  7627 | D:7      | Reached * piety under Okawaru
  7628 | D:7      | Reached skill level 10 in Long Blades
  7628 | D:7      | Reached XP level 11. HP: 65/67 MP: 11/11
  8448 | D:8      | Reached ** piety under Okawaru
  8657 | D:8      | Found a transporter.
  8663 | D:8      | Found a transporter.
  8665 | D:8      | Noticed Plommelars's ghost (novice DrEE)
  8960 | D:9      | Noticed a two-headed ogre
  9004 | D:9      | Killed a two-headed ogre
  9005 | D:9      | Reached skill level 10 in Shields
  9197 | D:9      | Found a stormy altar of Qazlal.
  9783 | D:9      | Got Hedoav's Compilation of Elsewhere
  9963 | D:10     | Entered Level 10 of the Dungeon
 10013 | D:10     | Reached skill level 11 in Long Blades
 10289 | D:10     | Noticed Lodul
 10727 | D:10     | Reached *** piety under Okawaru
 10979 | D:10     | Found a hazy altar of Hepliaklqana.
 10980 | D:10     | Found a radiant altar of Vehumet.
 11317 | D:11     | Noticed a boulder beetle
 11358 | D:10     | HP: 2/68 [boulder beetle (13)]
 11359 | D:10     | Demolished by a boulder beetle

Illustrated notes

Levels and vault maps discovered:
D:1:      dpeg_arrival_radiant, layout_loops_cross
D:2:      layout_basic, basic_ecumenical_altar, basic_altar
D:3:      layout_loops_ring, uniq_crazy_yiuf_cottage
D:4:      minmay_spotlight, layout_cave_pools, corexii_leaking_fountain,
          uniq_pikel
D:5:      nicolae_BIG_FREAKIN_CUBE, layout_cave_pools
D:6:      layout_basic, serial_aquarium, aquarium_bridge_long_separate
          [aquarium_subvault_bridge, aquarium_subvault_window,
          aquarium_subvault_bridge, aquarium_subvault_bridge,
          aquarium_subvault_balcony, aquarium_subvault_bridge],
          aquarium_window_3, aquarium_window_1, aquarium_window_1,
          aquarium_window_fake, aquarium_view_2e, aquarium_view_2c,
          aquarium_balcony_1b
D:7:      minmay_the_grid_octo_tiled_octocenter
          [minmay_the_grid_octo_fan_narrow, minmay_the_grid_octo_pinwheel,
          minmay_the_grid_octo_thin_diamonds, minmay_the_grid_octo_clover_2,
          minmay_the_grid_octo_prize_ultimate_mussel_roller,
          minmay_the_grid_square_5x5_broken_cross,
          minmay_the_grid_square_5x5_detours, minmay_the_grid_square_5x5_forky,
          minmay_the_grid_square_5x5_slash], layout_layer_cave,
          nicolae_overflow_crystal_walls, kennysheep_mini_moat, tso_altar,
          minmay_temple_entry_poolview
D:8:      layout_basic, gammafunk_ghost_hive, minivault_26
D:9:      layout_irregular_city, nicolae_qazlal_scattered_showers,
          small_statue_intersection, dreamdust_wishing_well
D:10:     layout_loops_ring, gammafunk_temple_overflow_statue, uniq_lodul
D:11:     layout_basic, grunt_lair_entry_orc_guard_hut, erik_orc_2,
          trove_entry_hex_spiral, uniq_nergalle

Skill      XL: |  1  2  3  4  5  6  7  8  9 10 11 |
---------------+----------------------------------+-----
Long Blades    | 2 3 4 5 7 8 10 11 | 11.2
Armour         | 4 5 6 7 8 |  8.4
Fighting       | 4 5 6 7 8 |  8.0
Shields        | 4 6 7 9 10 | 10.5
Dodging        | 1 2 |  2.7
Stealth        | |  0.5

Action                     |  1- 3 |  4- 6 |  7- 9 | 10-12 || total
---------------------------+-------+-------+-------+-------++-------
  Melee: Long sword        |   113 |   204 |   460 |   896 ||  1673
 Invoke: Heroism           |       |       |       |     6 ||     6
  Evoke: Wand              |       |       |       |     1 ||     1
    Use: Scroll            |       |     5 |     7 |     1 ||    13
         Potion            |       |       |     2 |     2 ||     4
 Armour: Scale mail        |    70 |       |       |       ||    70
         Chain mail        |       |   120 |   355 |   178 ||   653
         Plate armour      |       |       |       |   353 ||   353
  Dodge: Dodged            |    52 |    50 |   187 |   261 ||   550
  Block: Buckler           |    15 |       |       |       ||    15
         Kite shield       |    19 |    87 |   301 |   590 ||   997
